 Dungeon Crawl Stone Soup version 0.24-a0-549-g45f0056d81 (webtiles) character file.

Game seed: 8769912016796904117

695 Gargoyl the Chopper (level 7, 0/59 HPs)
             Began as a Centaur Abyssal Knight on Aug 20, 2019.
             Was a Priest of Lugonu.
             Slain by an orc
             ... wielding a +0 dagger
              (2 damage)
             ... on level 4 of the Dungeon.
             The game lasted 00:06:15 (4176 turns).

Gargoyl the Chopper (Centaur Abyssal Knight)        Turns: 4176, Time: 00:06:16

Health: 0/59       AC: 13    Str: 16    XL:     7   Next: 37%
Magic:  9/10       EV:  7    Int: 11    God:    Lugonu [***...]
Gold:   174        SH:  7    Dex: 11    Spells: 6/6 levels left

rFire    + . .     SeeInvis .   a - +1 hand axe
rCold    . . .     Gourm    .   m - +0 buckler
rNeg     . . .     Faith    .   d - +3 scale mail
rPois    .         Spirit   .   k - +1 helmet
rElec    .         Reflect  .   q - +0 cloak
rCorr    .         Harm     .   (no gloves)
MR       .....                  (no barding)
Stlth    ..........             (no amulet)
HPRegen  0.19/turn              e - ring of protection from fire
MPRegen  0.12/turn              (no ring)

@: very quick
A: large, hooves 3, large bone plates 1, agile 1, deformed body, speed 2, tough
skin 3
a: Depart the Abyss, Bend Space, Banish, Renounce Religion


You were on level 4 of the Dungeon.
You worshipped Lugonu.
Lugonu was most pleased with you.
You were very hungry.

You visited 1 branch of the dungeon, and saw 4 of its levels.
You visited the Abyss 1 time.

You collected 174 gold pieces.

Inventory:

Hand Weapons
 a - a +1 hand axe (weapon)
Missiles
 r - 2 boomerangs (quivered)
Armour
 d - a +3 scale mail (worn)
 k - a +1 helmet (worn)
 m - a +0 buckler (worn)
 q - a +0 cloak (worn)
Jewellery
 e - a ring of protection from fire (left hand)
Wands
 i - a wand of flame (11)
Scrolls
 b - 4 scrolls of teleportation
 l - 2 scrolls of remove curse
 n - a scroll of identify
Potions
 h - 2 potions of brilliance
 o - a potion of haste {unknown}
 p - a potion of agility
Comestibles
 c - 9 rations


   Skills:
 + Level 4.1 Fighting
 + Level 4.1 Axes
 * Level 3.5 Armour
 * Level 2.0 Dodging
 + Level 0.8 Shields
 * Level 4.0 Invocations


You had 6 spell levels left.
You didn't know any spells.
Your spell library was empty.

Dungeon Overview and Level Annotations

Branches:
Dungeon (4/15)
 Temple: D:4-7

Altars:
Qazlal


Innate Abilities, Weirdness & Mutations

You have hooves in place of feet.
Armour fits poorly on your strangely shaped body.
You cover ground very quickly.
You have extremely tough skin. (AC +3)
You are partially covered in large bone plates. (SH +4)
You are agile. (Dex +2)


Message History

You kill the orc!
Lugonu accepts your kill.
Your Invocations skill increases to level 4!
You hit the adder but do no damage. You block the adder's attack.
The adder barely misses you.
It was a potion of lignification.
You turn into a tree.
Your +0 cloak melds into your body.
Your +1 helmet melds into your body.
Your +3 scale mail melds into your body.
Your roots penetrate the ground.
The adder bites you.
* * * LOW HITPOINT WARNING * * *
The adder bites you but does no damage. The orc hits you but does no damage.
It was a potion of cancellation.
Your magical effects are unravelling.
You feel magically purged.
You feel less wooden.
Your +0 cloak unmelds from your body.
Your +1 helmet unmelds from your body.
Your +3 scale mail unmelds from your body.
You block the adder's attack. The adder closely misses you.
The orc hits you with a +0 dagger.
You die...

#....... ##...... #+#
##...## #.# ##.## #
#.# #.# #.##.## #.# #
#.#...## #.#
#...#.oS...#########.#
#....oS@.............#
......##.#############
###.# ### #


You could see an orc priest, 2 adders and an orc.

Vanquished Creatures
  Sigmund (D:2)
  2 orc priests (D:3)
  Crazy Yiuf (D:3)
  3 orc wizards (D:3)
  Natasha (thrice) (D:2)
  2 worker ants (D:4)
  7 gnolls
  6 adders
  3 worms
  2 dart slugs
  3 leopard geckos
  13 orcs
  10 bats
  2 giant cockroaches
  18 goblins
  5 hobgoblins
  4 jackals (D:2)
  2 quokkas (D:2)
  2 ball pythons
  2 frilled lizards
  9 kobolds
  9 rats
109 creatures vanquished.

Vanquished Creatures (others)
  An orc wizard (D:3)
1 creature vanquished.

Grand Total: 110 creatures vanquished

Notes
Turn   | Place    | Note
-------+----------+-------------------------------------------
     0 | Abyss:1  | Gargoyl the Centaur Abyssal Knight began the quest for the
                  | Orb.
     0 | Abyss:1  | Reached XP level 1. HP: 19/19 MP: 2/2
    18 | Abyss:1  | Gained mutation: You are surrounded by a mild repulsion
                  | field. (EV +2) [potion of mutation]
    18 | Abyss:1  | Gained mutation: You passively map a small area around you.
                  | [potion of mutation]
    20 | Abyss:1  | Lost mutation: You passively map a small area around you.
                  | [potion of mutation]
    20 | Abyss:1  | Lost mutation: You are surrounded by a mild repulsion
                  | field. (EV +2) [potion of mutation]
    20 | Abyss:1  | Gained mutation: You are partially covered in large bone
                  | plates. (SH +4) [potion of mutation]
    20 | Abyss:1  | Gained mutation: You are agile. (Dex +2) [potion of
                  | mutation]
    27 | Abyss:1  | Found a corrupted altar of Lugonu.
   104 | Abyss:3  | Noticed a spatial maelstrom
   125 | Abyss:3  | Noticed a small abomination
   126 | D:1      | Escaped the Abyss
   158 | D:1      | Reached * piety under Lugonu
   158 | D:1      | Reached XP level 2. HP: 16/26 MP: 3/3
   918 | D:1      | Reached XP level 3. HP: 28/31 MP: 4/4
  1091 | D:2      | Reached skill level 1 in Dodging
  1346 | D:2      | Reached XP level 4. HP: 36/38 MP: 5/5
  1411 | D:2      | Reached ** piety under Lugonu
  1580 | D:2      | Noticed Natasha
  1591 | D:2      | Killed Natasha
  1595 | D:2      | Noticed Natasha
  1649 | D:2      | Killed Natasha
  1649 | D:2      | Reached XP level 5. HP: 15/46 MP: 7/7
  1980 | D:2      | Noticed Natasha
  1986 | D:2      | Killed Natasha
  2214 | D:2      | Found a faded altar of an unknown god.
  2505 | D:2      | Noticed Sigmund
  2516 | D:2      | Killed Sigmund
  2516 | D:2      | Reached XP level 6. HP: 46/52 MP: 8/8
  2757 | D:3      | Found a runed translucent door.
  2758 | D:3      | Noticed Crazy Yiuf
  2961 | D:3      | Reached *** piety under Lugonu
  3305 | D:3      | Found a stormy altar of Qazlal.
  3395 | D:3      | Reached XP level 7. HP: 20/58 MP: 9/9
  3936 | D:3      | Killed Crazy Yiuf
  4175 | D:4      | HP: 3/88 [adder (2)]
  4176 | D:4      | Slain by an orc

Levels and vault maps discovered:
D:1:      dpeg_arrival_rooms_with_view, layout_basic
D:2:      layout_basic, chequers_ecumenical_altar_grove, minmay_pentomino_o2,
          uniq_natasha, uniq_sigmund
D:3:      layout_loops_ring, grunt_qazlal_clouds, uniq_crazy_yiuf_cottage
D:4:      layout_loops_corners, first_ration, kennysheep_pointless_box,
          uniq_grinder

Skill      XL: |  1  2  3  4  5  6  7 |
---------------+----------------------+-----
Axes           | 2 3 4 |  4.1
Dodging        | 1 2 |  2.0
Armour         | 2 3 |  3.5
Invocations    | 3 4 |  4.0
Fighting       | 4 |  4.1
Shields        | |  0.8

Action                   |  1- 3 |  4- 6 |  7- 9 || total
-------------------------+-------+-------+-------++-------
Melee: Hand axe          |    95 |   189 |    67 ||   351
       Kick              |    15 |    46 |    18 ||    79
Invok: Depart the Abyss  |     1 |       |       ||     1
  Use: Potion            |     3 |       |     2 ||     5
       Scroll            |     4 |     3 |     1 ||     8
  Eat: Chunk             |     1 |     6 |     1 ||     8
Armor: Leather armour    |     4 |       |       ||     4
       Scale mail        |    41 |   106 |    42 ||   189
       Skin              |       |       |     2 ||     2
Dodge: Dodged            |    57 |    67 |    17 ||   141
Block: Other             |    29 |    12 |       ||    41
       Buckler           |       |    39 |    39 ||    78

Table legend:
 A = Non-vault XP
 B = Vault XP
 C = Vault XP percentage of total XP
 D = Non-vault monster count
 E = Vault monster count
 F = Vault count percentage of total count
                 A         B        C        D         E       F
            +---------+---------+-------+---------+---------+-------
      Total |     706 |     288 |  29.0 |     104 |       6 |   5.5
            +---------+---------+-------+---------+---------+-------
        D:1 |      38 |       6 |  13.6 |      24 |       2 |   7.7
        D:2 |     232 |     243 |  51.2 |      37 |       3 |   7.5
        D:3 |     362 |      39 |   9.7 |      38 |       1 |   2.6
        D:4 |      74 |       0 |   0.0 |       5 |       0 |   0.0
            +---------+---------+-------+---------+---------+-------
